 Dungeon Crawl Stone Soup version 0.20.1-1-g8b1a95d (webtiles) character file.

71806 Irenicus the Severer (level 14, -10/189 HPs)
             Began as a Deep Dwarf Berserker on Oct 23, 2017.
             Was a High Priest of Trog.
             Mangled by a naga warrior
             ... wielding a +0 dire flail
              (20 damage)
             ... on level 3 of the Snake Pit.
             The game lasted 02:12:09 (13553 turns).

Irenicus the Severer (Deep Dwarf Berserker)        Turns: 13553, Time: 02:12:09

Health: -10/189    AC: 28    Str: 34    XL:     14   Next: 99%
Magic:  3/3        EV: 21    Int:  8    God:    Trog [*****.]
Gold:   1862       SH:  0    Dex: 24    Spells: 13/13 levels left

rFire    . . .     SeeInvis .   U - +4 war axe (antimagic)
rCold    + . .     Gourm    .   (no shield)
rNeg     + + +     Faith    .   C - +7 chain mail "Pois Oss" {+Fly rPois MR+}
rPois    +         Spirit   .   L - +2 hat of Miracles {rN++}
rElec    .         Reflect  .   (no cloak)
rCorr    .         Harm     .   h - +2 pair of gloves {Str+3}
MR       +++++                  (no boots)
Stlth    ..........             (no amulet)
Regen    1.0/turn               d - +3 ring of dexterity
MPRegen  0.1/turn               Z - ring of protection from cold

@: agile, berserking, lethally poisoned (-10 -> -10), non-regenerating,
constricted, very quick
A: damage resistance, heal wounds, molten scales 1, magic resistance 1, negative
energy resistance 1, sense surroundings 2, strong 2, wild magic 1, no
regeneration
a: Heal Wounds, Berserk, Trog's Hand, Brothers in Arms, Burn Spellbooks,
Renounce Religion, Evoke Flight


You were on level 3 of the Snake Pit.
You worshipped Trog.
Trog was extremely pleased with you.
You were not hungry.

You visited 4 branches of the dungeon, and saw 24 of its levels.
You also visited: Ossuary and Ice Cave.

You collected 2020 gold pieces.
You spent 158 gold pieces at shops.

Inventory:

Hand Weapons
 b - a +4 executioner's axe of flaming
 p - a +6 war axe
 z - a +2 battleaxe of flaming
 D - a +1 battleaxe of electrocution
 H - a +7 hunting sling of flaming
 I - a +0 battleaxe of freezing
 P - a +2 broad axe of electrocution
 U - a +4 antimagic war axe (weapon)
Missiles
 J - 2 throwing nets (quivered)
 S - 28 sling bullets
Armour
 h - a +2 pair of gloves of strength (worn)
 C - the +7 chain mail "Pois Oss" (worn) {+Fly rPois MR+}
   (You found it on level 8 of the Dungeon)

   It protects you from poison.
   It affects your resistance to hostile enchantments.
   It lets you fly.
 L - the +2 hat of Miracles (worn) {rN++}
   (You found it in an ice cave)

   It greatly protects you from negative energy.
 V - the +7 chain mail "Jalu Tos" {rCorr}
   (You found it on level 4 of the Lair of Beasts)

   It protects you from acid and corrosion.
 Y - a +2 helmet
Jewellery
 d - a +3 ring of dexterity (left hand)
 o - an uncursed ring of fire
 F - an uncursed ring of magical power
 M - an uncursed ring of resist corrosion
 Z - a ring of protection from cold (right hand)
Wands
 m - a wand of random effects (9/48)
 v - a wand of lightning (0/15)
 y - a wand of digging (0/24)
 E - a wand of paralysis (12/24)
 Q - a wand of scattershot (0/9)
Scrolls
 k - a scroll of enchant armour
 l - 9 scrolls of remove curse
 r - a scroll of magic mapping
 s - 3 scrolls of fear
 t - a scroll of fog
 w - a scroll of immolation
 K - a scroll of enchant weapon
 N - a scroll of recharging
 R - 2 scrolls of teleportation
 T - a scroll of silence
 W - 2 scrolls of identify
 X - a scroll of summoning
Potions
 e - 4 potions of flight
 f - 12 potions of curing
 i - 5 potions of lignification
 j - 3 potions of brilliance
 q - a potion of berserk rage
 u - 4 potions of mutation
 A - 3 potions of haste
 B - a potion of agility
 G - 3 potions of heal wounds
 O - 2 potions of might
Miscellaneous
 a - a phial of floods
 x - a phantom mirror
Comestibles
 c - 3 bread rations
 g - 13 meat rations
 n - 7 royal jellies


   Skills:
 - Level 8.0 Fighting
 + Level 19.3 Axes
 - Level 3.4 Slings
 - Level 15.0 Armour
 - Level 11.0 Dodging


You had 13 spell levels left.
You didn't know any spells.

Dungeon Overview and Level Annotations

Branches:
Dungeon (13/15)            Temple (0/1) D:6            Lair (6/6) D:10
  Swamp (0/4) Lair:2        Snake (3/4) Lair:4        Slime (0/5) Lair:5
    Orc (2/2) D:9             Elf (0/3) Orc:2
 Vaults: D:13-14

Altars:
Dithmenos
Fedhas
Makhleb
Beogh
Jiyva

Shops:
D:7 *?[(   Orc:2 ([:[

Portals:
Trove: D:12 (give 11 potions of heal wounds)

Annotations:
D:11 Sonja


Innate Abilities, Weirdness & Mutations

You are resistant to damage.
You can heal yourself by infusing magical energy.
You resist negative energy. (rN+)
You passively map the area around you.
You do not regenerate.
You are partially covered in molten scales. (AC +2)
You are resistant to hostile enchantments. (MR+)
Your muscles are very strong. (Str +4)
Your spells are a little harder to cast, but a little more powerful.


Message History

The air sparks with electricity, shocking you!
* * * LOW HITPOINT WARNING * * *
You slash the naga warrior!
You are too berserk!
You hit the naga warrior.
The naga warrior is moderately wounded.
You slash the naga warrior!
You feel the effects of Trog's Hand fading.
The naga warrior spits poison at you. The splash of poison hits you!
You are more poisoned.
You resist. The naga warrior constricts you.
You slice the naga warrior!!
The naga warrior is heavily wounded.
You barely miss the naga warrior. You slash the naga warrior!
The naga warrior is heavily wounded.
Your chain mail "Pois Oss" prevents you from hitting the naga warrior.
The naga warrior hits you with a dire flail!!
You die...

* * .# .#
###.####..,
*
#.........*,
#......... *
#.........
#......... *
#)N....... *
#<@N....# ,
#.......#,
***
#.......# ,
,,,,
######### ,
,,,> , , *
** *


You could see 2 naga warriors.

Vanquished Creatures
  A nagaraja (Snake:2)
  2 orc warlords (Orc:2)
  2 blizzard demons (IceCv)
  Snorg (Orc:1)
  A fire dragon (Lair:6)
  Josephine (Lair:4)
  A naga warrior (Snake:3)
  Harold (D:10)
  A hydra (Lair:6)
  The ghost of empire the Blocker, a journeyman MiFi of Nemelex Xobeh (D:10)
  2 anacondas
  2 catoblepae
  3 two-headed ogres
  4 shock serpents
  An orc high priest (Orc:2)
  2 naga sharpshooters (Snake:1)
  The ghost of markt42 the Basher, a novice GrFi of Okawaru (D:8)
  2 sea snakes (Snake:1)
  An unseen horror (D:11)
  A swamp dragon (Lair:6)
  An orc knight (Orc:2)
  A cyclops (D:12)
  2 mana vipers (Snake:1)
  4 orc sorcerers (Orc:2)
  2 salamanders
  5 elephants (Lair:2)
  Psyche (D:11)
  2 ice statues
  5 black mambas
  5 naga magi
  9 spiny frogs
  3 guardian serpents
  A molten gargoyle (Lair:2)
  2 rime drakes (Lair:6)
  10 komodo dragons
  5 freezing wraiths (IceCv)
  A golden dragon simulacrum (IceCv)
  6 anaconda simulacra (IceCv)
  5 ice devils (IceCv)
  3 trolls
  6 blink frogs (Lair:6)
  A meliai zombie (D:11)
  7 dream sheep (Lair:6)
  5 hippogriffs
  A wyvern (D:11)
  7 wraiths
  Sigmund (D:3)
  5 dire elephant simulacra (IceCv)
  The ghost of Jazqa the Skirmisher, an amateur MiFi (D:4)
  A vampire (D:10)
  41 yaks
  7 basilisks
  2 steam dragons (Lair:6)
  3 swamp worms (Lair:2)
  3 wargs (Orc:2)
  3 harpy simulacra (IceCv)
  13 nagas
  2 acid dragons
  11 water moccasins
  6 porcupines
  3 hydra simulacra (IceCv)
  Duvessa (D:7)
  2 ice beasts
  A hornet zombie (D:12)
  3 swamp drakes (Lair:6)
  25 orc warriors
  2 sky beasts
  2 black bears
  An ettin simulacrum (IceCv)
  10 ogres
  4 wolves (Lair:4)
  2 centaurs
  13 crocodiles
  A big kobold (D:7)
  21 bullfrogs
  A wyvern skeleton (D:8)
  Dowan (D:7)
  2 scorpions
  24 killer bees
  4 howler monkeys
  A lava snake (Lair:2)
  A centaur zombie (D:6)
  2 crimson imps
  A draconian simulacrum (IceCv)
  2 centaur skeletons
  17 orc priests
  4 hounds
  5 jellies
  A bullfrog skeleton (D:12)
  6 iguanas
  6 worker ants
  20 orc wizards
  4 spriggan simulacra (IceCv)
  A polar bear simulacrum (IceCv)
  3 troll simulacra (IceCv)
  A wolf simulacrum (IceCv)
  2 big kobold zombies (Ossuary)
  A centaur simulacrum (IceCv)
  A hound skeleton (D:7)
  A mummy (Ossuary)
  5 adders
  2 ogre simulacra (IceCv)
  6 naga simulacra (IceCv)
  2 shadow imps
  4 white imps (IceCv)
  5 ufetubi (IceCv)
  An adder zombie (D:7)
  An adder skeleton (D:8)
  2 worms (D:2)
  2 dart slugs
  6 leopard geckos
  114 orcs
  2 bats (D:1)
  4 giant cockroaches
  2 gnoll zombies (Ossuary)
  7 goblins
  8 hobgoblins
  14 jackals
  11 kobolds
  4 quokkas
  A ball python (D:3)
  3 bat simulacra (Ossuary)
  4 frilled lizards
  4 goblin simulacra (Ossuary)
  4 goblin zombies (Ossuary)
  A hobgoblin zombie (Ossuary)
  2 kobold simulacra (Ossuary)
  3 kobold zombies (Ossuary)
  A leopard gecko zombie (D:8)
  4 orc zombies (Ossuary)
  A quokka skeleton (D:8)
  2 quokka zombies (D:7)
  3 rats
  5 rat simulacra (Ossuary)
  7 fungi
  A plant (Lair:6)
681 creatures vanquished.

Vanquished Creatures (collateral kills)
  A crocodile (Lair:2)
  A bullfrog (Lair:2)
2 creatures vanquished.

Vanquished Creatures (others)
  A goblin zombie (Ossuary)
  A hobgoblin zombie (Ossuary)
  A kobold zombie (Ossuary)
  A bush (Lair:6)
  4 fungi
  2 plants (Lair:3)
10 creatures vanquished.

Grand Total: 693 creatures vanquished

Notes
Turn   | Place    | Note
-------+----------+-------------------------------------------
     0 | D:1      | Irenicus the Deep Dwarf Berserker began the quest for the Orb.
     0 | D:1      | Reached XP level 1. HP: 20/20 MP: 1/1
   117 | D:1      | Reached XP level 2. HP: 25/28 MP: 2/2
   255 | D:1      | Reached skill level 4 in Axes
   312 | D:1      | Gained mutation: You can translocate small distances at will. [potion of mutation]
   312 | D:1      | Gained mutation: You have a pair of small antennae on your head. [potion of mutation]
   312 | D:1      | Gained mutation: You are partially covered in iridescent scales. (AC +2) [potion of mutation]
   312 | D:1      | Gained mutation: Your system is resistant to poisons. (rPois) [potion of mutation]
   436 | D:2      | Found a burning altar of Makhleb.
   649 | D:2      | Reached XP level 3. HP: 18/34 MP: 3/3
  1014 | D:3      | Reached ** piety under Trog
  1069 | D:3      | Noticed Sigmund
  1080 | D:3      | Killed Sigmund
  1080 | D:3      | Reached skill level 6 in Axes
  1080 | D:3      | Reached XP level 4. HP: 37/42 MP: 4/4
  1080 | D:3      | Reached XP level 5. HP: 43/49 MP: 5/5
  1169 | D:3      | Found a blossoming altar of Fedhas.
  1388 | D:4      | Reached skill level 7 in Axes
  1395 | D:4      | Reached XP level 6. HP: 53/56 MP: 6/6
  1423 | D:4      | Noticed Jazqa's ghost (amateur MiFi)
  1439 | D:4      | Killed Jazqa's ghost
  1439 | D:4      | Reached skill level 8 in Axes
  1572 | D:4      | Found a sand-covered staircase.
  1579 | Ossuary  | Entered an ossuary
  1655 | Ossuary  | Reached XP level 7. HP: 37/62 MP: 7/7
  1772 | Ossuary  | Reached *** piety under Trog
  1832 | D:5      | Entered Level 5 of the Dungeon
  1885 | D:6      | Reached skill level 9 in Axes
  1904 | D:6      | Found a staircase to the Ecumenical Temple.
  1954 | D:7      | Received a gift from Trog
  2015 | D:7      | Noticed Duvessa
  2015 | D:7      | Noticed Dowan
  2034 | D:7      | Killed Dowan
  2046 | D:7      | Killed Duvessa
  2123 | D:7      | Reached skill level 10 in Axes
  2168 | D:7      | Found Veninke's Armour Emporium.
  2188 | D:7      | Reached XP level 8. HP: 20/69 MP: 8/8
  2204 | D:7      | Found Zof Fups's Magic Scroll Boutique.
  2210 | D:7      | Bought a +0 pair of gloves of strength for 138 gold pieces
  2263 | D:7      | Found Mesucatt's Assorted Antiques.
  2271 | D:7      | Bought a white potion for 20 gold pieces
  2327 | D:7      | Reached skill level 11 in Axes
  2360 | D:7      | Found Sacis's Antique Weapon Shoppe.
  2384 | D:7      | Found a shadowy altar of Dithmenos.
  2534 | D:8      | Noticed markt42's ghost (novice GrFi)
  2535 | D:8      | Noticed a two-headed ogre
  2621 | D:8      | Noticed a hippogriff
  2628 | D:8      | Killed a hippogriff
  2664 | D:8      | Reached skill level 12 in Axes
  2712 | D:8      | Killed a two-headed ogre
  2712 | D:8      | Reached skill level 13 in Axes
  2712 | D:8      | Gained mutation: You passively map the area around you. [Deep Dwarf growth]
  2712 | D:8      | Reached XP level 9. HP: 10/75 MP: 9/9
  2812 | D:8      | Killed markt42's ghost
  2812 | D:8      | Reached skill level 14 in Axes
  2922 | D:8      | Got a faintly glowing chain mail
  2933 | D:8      | Identified the +7 chain mail "Pois Oss" {+Fly rPois MR+} (You found it on level 8 of the Dungeon)
  3110 | D:8      | Reached skill level 5 in Armour
  3264 | D:8      | Reached XP level 10. HP: 81/84 MP: 10/10
  3406 | D:10     | Entered Level 10 of the Dungeon
  3456 | D:10     | Noticed empire's ghost (journeyman MiFi)
  3585 | D:11     | Gained mutation: You are partially covered in molten scales. (AC +2) [mutagenic meat]
  3586 | D:11     | Gained mutation: You are frail. (-10% HP) [mutagenic meat]
  3587 | D:11     | Gained mutation: Your spells are a little harder to cast, but a little more powerful. [mutagenic meat]
  3588 | D:11     | Lost mutation: You have a pair of small antennae on your head. [mutagenic meat]
  3722 | D:11     | Noticed Psyche
  3725 | D:11     | Killed Psyche
  3796 | D:11     | Reached **** piety under Trog
  3796 | D:11     | Reached skill level 15 in Axes
  3921 | D:11     | Noticed Sonja
  3985 | D:11     | Killed an unseen horror
  3985 | D:11     | Reached skill level 16 in Axes
  4061 | D:11     | Noticed a two-headed ogre
  4337 | D:12     | Reached XP level 11. HP: 75/81 MP: 11/11
  4348 | D:12     | Found a portal to a secret trove of treasure.
  4430 | D:13     | Noticed a two-headed ogre
  4431 | D:13     | Noticed a catoblepas
  4451 | D:13     | Killed a catoblepas
  4461 | D:13     | Killed a two-headed ogre
  4882 | D:11     | Killed a two-headed ogre
  4882 | D:11     | Reached skill level 10 in Armour
  5008 | D:10     | Killed empire's ghost
  5061 | D:10     | Noticed Harold
  5073 | D:10     | Killed Harold
  5902 | D:10     | Reached ***** piety under Trog
  5954 | D:10     | Found a staircase to the Lair.
  6070 | Lair:1   | Entered Level 1 of the Lair of Beasts
  6179 | Lair:1   | Reached skill level 5 in Dodging
  6326 | Lair:1   | Reached XP level 12. HP: 26/87 MP: 12/12
  6402 | Lair:1   | Noticed a six-headed hydra
  6740 | D:9      | Found a staircase to the Orcish Mines.
  6745 | Orc:1    | Entered Level 1 of the Orcish Mines
  6893 | Orc:2    | Entered Level 2 of the Orcish Mines
  6897 | Orc:2    | Found a roughly hewn altar of Beogh.
  6952 | Orc:2    | Found a roughly hewn altar of Beogh.
  6970 | Orc:2    | Noticed an orc warlord
  6971 | Orc:2    | Found Kuplug's Armour Emporium.
  6977 | Orc:2    | Received a gift from Trog
  7023 | Orc:2    | Found a roughly hewn altar of Beogh.
  7076 | Orc:2    | Found a staircase to the Elven Halls.
  7085 | Orc:2    | Noticed an orc high priest
  7091 | Orc:2    | Killed an orc high priest
  7245 | Orc:2    | Noticed an orc warlord
  7268 | Orc:2    | Killed an orc warlord
  7268 | Orc:2    | Reached skill level 10 in Dodging
  7327 | Orc:2    | Found Leown's Antique Armour Boutique.
  7328 | Orc:2    | Found a roughly hewn altar of Beogh.
  7331 | Orc:2    | Found Suinewif's Antique Weapon Shop.
  7391 | Orc:2    | Found a roughly hewn altar of Beogh.
  7394 | Orc:2    | Found Utuschy's Book Boutique.
  7540 | Orc:2    | Killed an orc warlord
  7540 | Orc:2    | Reached skill level 5 in Fighting
  7587 | Orc:2    | Received a gift from Trog
  7604 | Orc:2    | Found a roughly hewn altar of Beogh.
  7831 | Orc:1    | Noticed Snorg
  7851 | Orc:1    | Killed Snorg
  8315 | Lair:2   | Reached XP level 13. HP: 102/102 MP: 9/9
  8406 | Lair:2   | Reached skill level 1 in Slings
  8735 | Lair:2   | Found a staircase to the Swamp.
  9073 | Lair:3   | Identified a scroll of acquirement
  9393 | Lair:3   | Received a gift from Trog
  9551 | Lair:4   | Noticed Josephine
  9561 | Lair:4   | Killed Josephine
  9580 | Lair:4   | Got a faintly humming chain mail
  9599 | Lair:4   | Identified the +7 chain mail "Jalu Tos" {rCorr} (You found it on level 4 of the Lair of Beasts)
  9820 | Lair:4   | Found a staircase to the Snake Pit.
 10595 | Lair:5   | Found a viscous altar of Jiyva.
 10596 | Lair:5   | Found a staircase to the Slime Pits.
 11020 | Lair:6   | Entered Level 6 of the Lair of Beasts
 11260 | Lair:6   | HP: 5/103 [catoblepas (19)]
 11355 | Lair:6   | Reached skill level 15 in Armour
 11588 | Lair:6   | Received a gift from Trog
 11642 | Lair:6   | Noticed a fire dragon
 11660 | Lair:6   | Killed a fire dragon
 11780 | Lair:6   | Gained mutation: You resist negative energy. (rN+) [Deep Dwarf growth]
 11780 | Lair:6   | Reached XP level 14. HP: 104/113 MP: 9/9
 12222 | Snake:1  | Entered Level 1 of the Snake Pit
 12329 | Snake:1  | Reached skill level 17 in Axes
 12547 | Snake:2  | Gained mutation: You are agile. (Dex +2) [mutagenic meat]
 12548 | Snake:2  | Gained mutation: Your spells are harder to cast, but more powerful. [mutagenic meat]
 12588 | Snake:2  | Noticed a nagaraja
 12632 | Snake:2  | Killed a nagaraja
 12632 | Snake:2  | Reached skill level 18 in Axes
 12674 | Snake:2  | Found a frozen archway.
 12699 | IceCv    | Entered an ice cave
 12760 | IceCv    | Lost mutation: You are partially covered in iridescent scales. (AC +2) [potion of mutation]
 12760 | IceCv    | Lost mutation: You are agile. (Dex +2) [potion of mutation]
 12760 | IceCv    | Lost mutation: You can translocate small distances at will. [potion of mutation]
 12760 | IceCv    | Lost mutation: Your spells are harder to cast, but more powerful. [potion of mutation]
 12760 | IceCv    | Gained mutation: Your magical capacity is low. (-10% MP) [potion of mutation]
 12760 | IceCv    | Gained mutation: Your muscles are strong. (Str +2) [potion of mutation]
 12760 | IceCv    | Gained mutation: Your flesh is cold resistant. (rC+) [potion of mutation]
 13341 | IceCv    | Reached skill level 19 in Axes
 13385 | IceCv    | Got a crude hat
 13396 | IceCv    | Identified the +2 hat of Miracles {rN++} (You found it in an ice cave)
 13508 | Snake:2  | Lost mutation: Your system is resistant to poisons. (rPois) [potion of mutation]
 13508 | Snake:2  | Lost mutation: You are frail. (-10% HP) [potion of mutation]
 13508 | Snake:2  | Lost mutation: Your spells are a little harder to cast, but a little more powerful. [potion of mutation]
 13508 | Snake:2  | Lost mutation: Your muscles are strong. (Str +2) [potion of mutation]
 13508 | Snake:2  | Lost mutation: Your flesh is cold resistant. (rC+) [potion of mutation]
 13508 | Snake:2  | Gained mutation: You are weak. (Str -2) [potion of mutation]
 13508 | Snake:2  | Gained mutation: You have sharp fingernails. [potion of mutation]
 13509 | Snake:2  | Lost mutation: You are weak. (Str -2) [potion of mutation]
 13509 | Snake:2  | Lost mutation: Your magical capacity is low. (-10% MP) [potion of mutation]
 13509 | Snake:2  | Lost mutation: You have sharp fingernails. [potion of mutation]
 13509 | Snake:2  | Gained mutation: Your spells are a little harder to cast, but a little more powerful. [potion of mutation]
 13509 | Snake:2  | Gained mutation: You are resistant to hostile enchantments. (MR+) [potion of mutation]
 13509 | Snake:2  | Gained mutation: Your muscles are strong. (Str +2) [potion of mutation]
 13509 | Snake:2  | Gained mutation: Your muscles are very strong. (Str +4) [potion of mutation]
 13550 | Snake:3  | Received a gift from Trog
 13550 | Snake:3  | HP: 8/189 [something (8)]
 13553 | Snake:3  | Mangled by a naga warrior

Skill      XL: |  1  2  3  4  5  6  7  8  9 10 11 12 13 14 |
---------------+-------------------------------------------+-----
Fighting       | 3 6 8 |  8.0
Axes           | 4 6 7 8 10 13 14 16 19 | 19.3
Dodging        | 3 6 11 | 11.0
Armour         | 6 7 12 15 | 15.0
Slings         | 3 |  3.4

Action                   |  1- 3 |  4- 6 |  7- 9 | 10-12 | 13-15 || total
-------------------------+-------+-------+-------+-------+-------++-------
Melee: Hand axe          |   102 |   133 |   396 |       |       ||   631
       Scythe            |       |       |     1 |    25 |       ||    26
       War axe           |       |       |       |   724 |   920 ||  1644
       Battleaxe         |       |       |       |     8 |     5 ||    13
       Executioner's axe |       |       |       |       |     5 ||     5
 Fire: Hunting sling     |       |       |       |       |     4 ||     4
Throw: Javelin           |       |       |     4 |    13 |       ||    17
       Throwing net      |       |       |       |     2 |       ||     2
Invok: Berserk           |     5 |     4 |    14 |    28 |    34 ||    85
       Trog's Hand       |     1 |     1 |     9 |    13 |    23 ||    47
       Burn Spellbooks   |       |       |       |       |     2 ||     2
 Abil: Heal Wounds       |       |       |     2 |    12 |     7 ||    21
Evoke: Wand              |       |       |       |     6 |     3 ||     9
       Phial of floods   |       |       |       |       |     1 ||     1
  Use: Potion            |     3 |     1 |     4 |     5 |     7 ||    20
       Scroll            |       |     4 |     4 |    22 |    15 ||    45
 Stab: Sleeping          |     1 |       |       |       |       ||     1
       Held in net/web   |       |       |       |     1 |       ||     1
       Distracted        |       |       |       |       |     1 ||     1
  Eat: Chunk             |     5 |     5 |    17 |    41 |    36 ||   104
       Royal jelly       |       |       |     1 |       |     1 ||     2
       Fruit             |       |       |     3 |     9 |    11 ||    23
       Bread ration      |       |       |       |     1 |     4 ||     5
Armor: Animal skin       |     5 |       |       |       |       ||     5
       Leather armour    |     6 |     4 |       |       |       ||    10
       Scale mail        |       |    27 |    96 |       |       ||   123
       Skin              |       |       |    25 |     9 |       ||    34
       Chain mail        |       |       |    25 |   275 |   397 ||   697
Dodge: Dodged            |    66 |    49 |   161 |   302 |   526 ||  1104
